 Dungeon Crawl Stone Soup version 0.29-a0-468-ge57f7f99b4 (webtiles) character file.

Game seed: 15927124422535219700

19766 pokeman the Eclecticist (level 12, -8/68 HPs)
             Began as a Deep Elf Hedge Wizard on May 21, 2022.
             Was an Elder of Vehumet.
             Mangled by Snorg (9 damage)
             ... on level 11 of the Dungeon.
             The game lasted 00:53:47 (14974 turns).

pokeman the Eclecticist (Deep Elf Hedge Wizard)    Turns: 14974, Time: 00:53:48

Health: -8/68      AC: 12    Str:  7    XL:     12   Next: 39%
Magic:  34/52      EV: 12    Int: 33    God:    Vehumet [****..]
Gold:   751        SH:  0    Dex: 16    Spells: 13/44 levels left

rFire   + + .      SeeInvis .   S - +1 dagger "Ulediz Lero" {drain, MP+9 Int+2 Dex+2}
rCold   + + .      Faith    .   (no shield)
rNeg    + + .      Spirit   .   W - +0 acid dragon scales
rPois   .          Reflect  .   u - +1 helmet
rElec   .          Harm     .   V - scarf {+Inv}
rCorr   +          Rampage  .   P - +0 pair of gloves of the Final Queens {rF++}
Will    +....                   l - +0 pair of boots
Stlth   ++........              n - macabre finger necklace {rN+}
HPRegen 0.21/turn               H - ring of magical power
MPRegen 0.33/turn               t - +6 ring of intelligence
                                b - ring "Negotrad" {rC++ rN+ rCorr}

@: studying Ice Magic
A: no striking features
a: Renounce Religion, Evoke Invisibility


You were on level 11 of the Dungeon.
You worshipped Vehumet.
Vehumet was greatly pleased with you.
You visited 2 branches of the dungeon, and saw 12 of its levels.
You also visited: Ice Cave.

You collected 751 gold pieces.

Inventory:

Hand Weapons
 p - a +2 whip of venom
 M - a +1 hunting sling of freezing
 S - the +1 dagger "Ulediz Lero" (weapon) {drain, MP+9 Int+2 Dex+2}
   (You took it off an orc on level 9 of the Dungeon)

   A truly terrible weapon, it drains the life of any living foe it strikes.
   Int:       It affects your intelligence (+2).
   Dex:       It affects your dexterity (+2).
   MP:        It affects your magic capacity (+9).
Missiles
 U - 2 throwing nets
Armour
 l - a +0 pair of boots (worn)
 u - a +1 helmet (worn)
 J - an orb of guile
 N - +0 steam dragon scales
 P - the +0 pair of gloves of the Final Queens (worn) {rF++}
   (You found it on level 8 of the Dungeon)

   rF:        It greatly protects you from fire.
 R - a +0 buckler
 V - a scarf of invisibility (worn)
 W - +0 acid dragon scales (worn)
 Z - a scarf of shadows
Magical Staves
 i - a staff of cold
 j - a staff of poison
Jewellery
 b - the ring "Negotrad" (on amulet) {rC++ rN+ rCorr}
   (You found it on level 4 of the Dungeon)

   [ring of positive energy]

   rC:        It greatly protects you from cold.
   rN:        It protects you from negative energy.
   rCorr:     It protects you from acid and corrosion.
 k - a +4 ring of evasion
 n - the macabre finger necklace (around neck) {rN+}
   (You found it on level 2 of the Dungeon)

   [amulet of nothing]

   It enables you to equip an extra ring.
   rN:        It protects you from negative energy.
 r - a ring of fire
 t - a +6 ring of intelligence (right hand)
 x - an amulet of regeneration
 y - a +6 ring of dexterity
 H - a ring of magical power (left hand)
Wands
 F - a wand of flame (18)
 G - a wand of mindburst (14)
 O - a wand of iceblast (15)
 X - a wand of paralysis (7)
Scrolls
 c - 4 scrolls of fog
 g - a scroll of magic mapping
 h - 2 scrolls of summoning
 o - 4 scrolls of amnesia
 s - 3 scrolls of enchant weapon
 E - 3 scrolls of fear
 I - a scroll of vulnerability
 L - 3 scrolls of teleportation {unknown}
 Q - a scroll of blinking {unknown}
 Y - a scroll of enchant armour {unknown}
Potions
 a - 2 potions of cancellation
 d - a potion of magic
 e - a potion of berserk rage {unknown}
 m - 2 potions of mutation
 q - 6 potions of curing
 v - 3 potions of ambrosia
 w - 7 potions of flight
 z - 2 potions of degeneration {unknown}
 A - a potion of haste {unknown}
 B - a potion of invisibility {unknown}
 C - 2 potions of brilliance {unknown}
 D - 3 potions of heal wounds
 K - a potion of lignification {unknown}
 T - a potion of might


   Skills:
 + Level 5.1 Fighting
 - Level 5.0 Armour
 - Level 3.0 Dodging
 - Level 3.0 Stealth
 * Level 16.9 Spellcasting
 + Level 11.0 Conjurations
 - Level 1.1 Summonings
 - Level 1.1 Necromancy
 - Level 1.1 Translocations
 + Level 9.3 Fire Magic
 - Level 1.0 Ice Magic
 - Level 1.0 Air Magic
 - Level 2.0 Poison Magic
 - Level 2.0 Evocations


You had 13 spell levels left.
You knew the following spells:

 Your Spells              Type           Power      Damage    Failure   Level
a - Magic Dart            Conj           100%       1d8       1%          1
b - Mephitic Cloud        Conj/Pois/Air  56%        N/A       1%          3
c - Call Imp              Summ           35%        N/A       2%          2
d - Blink                 Tloc           70%        N/A       2%          2
e - Conjure Flame         Conj/Fire      76%        6-21      1%          3
f - Fireball              Conj/Fire      38%        3d16      1%          5
g - Starburst             Conj/Fire      38%        6d11      1%          6
h - Flame Wave            Conj/Fire      76%        2d14      1%          4
i - Freezing Cloud        Conj/Ice/Air   27%        6-21      3%          5

Your spell library contained the following spells:

 Spells                   Type           Power      Damage    Failure   Level
 Dazzling Flash           Conj/Hex       100%       N/A       1%          3
 Frozen Ramparts          Ice            68%        1d8       1%          3
 Iskenderun's Mystic Bla  Conj/Tloc      61%        2d13      1%          4
 Irradiate                Conj/Tmut      29%        3d23      1%          5
 Slow                     Hex            100%       N/A       2%          1
 Sublimation of Blood     Necr           35%        N/A       2%          2
 Gell's Gravitas          Tloc           35%        N/A       4%          3
 Lesser Beckoning         Tloc           35%        N/A       4%          3
 Teleport Other           Tloc           35%        N/A       4%          3
 Summon Ice Beast         Ice/Summ       34%        N/A       16%         4
 Summon Lightning Spire   Summ/Air       34%        N/A       16%         4
 Ice Form                 Ice/Tmut       31%        N/A       21%         4
 Petrify                  Tmut/Erth      27%        N/A       24%         4
 Agony                    Necr           35%        N/A       38%         5
 Silence                  Hex/Air        15%        N/A       50%         5
 Blade Hands              Tmut           13%        N/A       56%         5
 Simulacrum               Ice/Necr       17%        N/A       94%         6
 Dragon Form              Tmut           13%        N/A       100%        7
 Storm Form               Tmut/Air       15%        N/A       100%        7
 Maxwell's Capacitive Co  Air            17%        ∞         100%        8
 Polar Vortex             Ice            17%        N/A       100%        9


Dungeon Overview and Level Annotations

Branches:
Dungeon (11/15)            Temple (1/1) D:7            Lair (0/6) D:9
  IceCv (visited)
    Orc: D:9-12

Altars:
Ashenzari
Cheibriados
Dithmenos
Elyvilon
Gozag
Hepliaklqana
Kikubaaqudgha
Nemelex Xobeh
Okawaru
Qazlal
Ru
Sif Muna
Uskayaw
Vehumet
Wu Jian
Xom
Yredelemnul
Zin
Beogh

Shops:
D:10 *

Portals:
Trove: D:10 (give +7 demon trident)

Annotations:
D:9 Book behind rock
D:11 Snorg


Message History

Casting: Fireball (dangerous; 1% risk of failure)
Confirm with . or Enter, or press ? or * to list all spells.
Casting: Starburst (dangerous; 1% risk of failure)
Press: ? - help, Dir - look around, f - activate The bolt of fire hits the wraith!!
You destroy the wraith!
Vehumet accepts your kill.
You feel your power returning.
The bolt of fire hits the centaur!!!
You kill the centaur!
Vehumet accepts your kill.
You feel your power returning.
The bolt of fire hits the centaur!!
The centaur is almost dead.
The bolt of fire misses the vampire mosquito.
The bolt of fire misses Snorg.
The vampire mosquito barely misses you.
The centaur wields a +0 shortbow.
The centaur shoots an arrow.
The arrow misses you.
The centaur shoots an arrow.
The arrow hits you.
The vampire mosquito bites you but does no damage.
Snorg barely misses you. Snorg misses you. Snorg claws you!
* * * LOW HITPOINT WARNING * * *
Unknown command.
Casting: Starburst (dangerous; 1% risk of failure)
Confirm with . or Enter, or press ? or * to list all spells.
Casting: Starburst (dangerous; 1% risk of failure)
Press: ? - help, Dir - look around, f - activate The bolt of fire hits the vampire mosquito!!!
You destroy the vampire mosquito!
Vehumet accepts your kill.
You feel your power returning.
The bolt of fire hits Snorg!!!
Snorg is severely wounded.
The bolt of fire hits the centaur!!!
You kill the centaur!
Vehumet accepts your kill.
The centaur shoots an arrow.
The arrow hits you but does no damage.
A shadow comes into view.
Snorg bites you.
* * * LOW HITPOINT WARNING * * *
Snorg claws you.
* * * LOW HITPOINT WARNING * * *
Snorg claws you!
You die...

.....W..# . .......##
.. ........# . ...
#.......#.. ....
#../......
.....#......## #
........†....## .#
.......@T.....###...
................... ..
.>.##..).......## C...
. .............# ....
....!).......#####....
................#..C...
.............#.(#...#
...c.........#.....##
.........##.....#


You could see Snorg (berserk), a shadow and a centaur.

Vanquished Creatures
  The ghost of sirJeffrey23 the Fighter, a novice OgMo of Jiyva (D:8)
  Erica (D:8)
  A two-headed ogre (D:10)
  6 death yaks (D:9)
  Pikel (D:6)
  2 bog bodies (IceCv)
  A cyclops (D:11)
  Joseph (D:7)
  An ice statue (IceCv)
  A gargoyle (D:10)
  An entropy weaver simulacrum (IceCv)
  A troll (D:9)
  An ice devil (IceCv)
  2 hornets
  5 slime creatures (D:9)
  Sigmund (D:2)
  2 wyverns (D:8)
  2 dire elephant simulacra (IceCv)
  4 wraiths
  5 yaks
  8 vampire mosquitoes
  A steam dragon (D:7)
  2 death yak simulacra (IceCv)
  A harpy simulacrum (IceCv)
  An acid dragon (D:10)
  Duvessa (D:7)
  An ice beast (D:6)
  A sky beast (D:6)
  2 orc warriors
  4 black bears
  An ogre (D:7)
  2 lemures (D:6)
  8 centaurs
  3 phantoms
  4 kobold brigands
  4 bullfrogs
  A gnoll sergeant (D:9)
  2 scorpions
  2 cane toad simulacra (IceCv)
  9 two-headed ogre simulacra
  A necrophage (D:4)
  12 wights
  Dowan (D:7)
  11 killer bees
  2 howler monkeys
  4 hounds
  9 orc priests
  2 gnoll shamans
  2 jellies
  Jessica (D:3)
  9 spriggan simulacra
  2 iguanas
  9 orc wizards
  9 troll simulacra
  A polar bear simulacrum (IceCv)
  A wolf simulacrum (IceCv)
  4 naga simulacra
  6 adders
  21 gnolls
  2 white imps (IceCv)
  6 ufetubi
  3 worms
  6 dart slugs
  19 orcs
  5 ball pythons
  9 endoplasms
  4 giant cockroaches
  5 goblins
  3 hobgoblins
  2 jackals (D:4)
  35 kobolds
  3 quokkas
  6 bats
  4 frilled lizards
  8 rats
325 creatures vanquished.

Vanquished Creatures (collateral kills)
  A yak (D:8)
  A howler monkey (D:10)
  A hound (D:5)
3 creatures vanquished.

Vanquished Creatures (others)
  An ufetubus (IceCv)
  2 bushes (D:7)
  55 plants
58 creatures vanquished.

Grand Total: 386 creatures vanquished

Notes
Turn   | Place    | Note
-------+----------+-------------------------------------------
     0 | D:1      | pokeman the Deep Elf Hedge Wizard began the quest for the
                  | Orb.
     0 | D:1      | Reached XP level 1. HP: 10/10 MP: 7/7
   443 | D:1      | Reached XP level 2. HP: 8/16 MP: 3/9
  1731 | D:2      | Reached skill level 5 in Spellcasting
  1794 | D:2      | Reached XP level 3. HP: 20/20 MP: 5/11
  1798 | D:2      | Learned a level 3 spell: Mephitic Cloud
  1807 | D:2      | Learned a level 2 spell: Call Imp
  1810 | D:2      | Learned a level 2 spell: Blink
  1814 | D:2      | Learned a level 3 spell: Conjure Flame
  2095 | D:2      | Reached skill level 1 in Fighting
  2095 | D:2      | Reached skill level 1 in Armour
  2256 | D:2      | Noticed Sigmund
  2264 | D:2      | Killed Sigmund
  2265 | D:2      | Reached XP level 4. HP: 24/25 MP: 5/13
  2265 | D:2      | Reached XP level 5. HP: 28/29 MP: 5/14
  2507 | D:2      | Found the macabre finger necklace {rN+}
  2592 | D:2      | Reached skill level 5 in Conjurations
  2678 | D:2      | Reached skill level 1 in Fire Magic
  2744 | D:2      | Reached XP level 6. HP: 34/34 MP: 13/16
  3126 | D:3      | Reached skill level 1 in Ice Magic
  3325 | D:3      | Found a glowing silver altar of Zin.
  3370 | D:3      | Reached skill level 6 in Spellcasting
  3480 | D:3      | Noticed Jessica
  3499 | D:3      | Killed Jessica
  3684 | D:3      | Found a faded altar of an unknown god.
  3819 | D:4      | Identified the ring "Negotrad" {rC++ rN+ rCorr}
  3934 | D:4      | Found a shadowy altar of Dithmenos.
  4111 | D:4      | Reached skill level 1 in Air Magic
  4118 | D:4      | Reached XP level 7. HP: 29/38 MP: 10/18
  4537 | D:4      | Found a shimmering blue altar of Sif Muna.
  4563 | D:5      | Entered Level 5 of the Dungeon
  4563 | D:5      | Noticed a hornet
  4569 | D:5      | Killed a hornet
  4570 | D:5      | Reached skill level 7 in Spellcasting
  4570 | D:5      | Reached skill level 1 in Poison Magic
  4570 | D:5      | Reached skill level 1 in Evocations
  4971 | D:5      | Identified the +1 ring mail of Eckuad {Harm Str-4 Int+2
                  | Dex+4}
  5019 | D:5      | Reached skill level 8 in Spellcasting
  5019 | D:5      | Reached XP level 8. HP: 43/43 MP: 16/22
  5142 | D:5      | Learned a level 6 spell: Starburst
  5718 | D:6      | Reached skill level 9 in Spellcasting
  6375 | D:6      | Reached skill level 10 in Spellcasting
  6379 | D:6      | Reached XP level 9. HP: 37/48 MP: 20/25
  6592 | D:6      | Noticed Pikel
  6620 | D:6      | Killed Pikel
  7271 | D:7      | Reached skill level 11 in Spellcasting
  7271 | D:7      | Reached skill level 1 in Necromancy
  7579 | D:7      | Found a staircase to the Ecumenical Temple.
  7668 | Temple   | Entered the Ecumenical Temple
  7745 | Temple   | Became a worshipper of Vehumet
  7869 | D:7      | Reached skill level 5 in Fire Magic
  7959 | D:7      | Found a white marble altar of Elyvilon.
  8232 | D:7      | Noticed Joseph
  8247 | D:7      | Killed Joseph
  8248 | D:7      | Reached skill level 12 in Spellcasting
  8557 | D:7      | Reached XP level 10. HP: 53/53 MP: 28/28
  8832 | D:7      | Identified the +6 chain mail of Inference {rN++ Str+9
                  | Stlth-}
  8837 | D:7      | Noticed Duvessa
  8837 | D:7      | Noticed Dowan
  8861 | D:7      | Killed Duvessa
  8874 | D:7      | Killed Dowan
  9220 | D:8      | Reached * piety under Vehumet
  9220 | D:8      | Offered knowledge of Shock by Vehumet.
  9220 | D:8      | Noticed Erica
  9258 | D:8      | Killed Erica
  9483 | D:7      | Reached skill level 13 in Spellcasting
 10036 | D:8      | Found a runed translucent gate.
 10036 | D:8      | Found a runed translucent gate.
 10036 | D:8      | Found a runed translucent gate.
 10037 | D:8      | Noticed sirJeffrey23's ghost (novice OgMo)
 10053 | D:8      | Identified the +0 pair of gloves of the Final Queens {rF++}
 10373 | D:8      | Found an iron altar of Okawaru.
 10771 | D:9      | Reached ** piety under Vehumet
 10771 | D:9      | Offered knowledge of Freeze by Vehumet.
 10784 | D:9      | Reached skill level 5 in Armour
 10917 | D:9      | Reached skill level 14 in Spellcasting
 11109 | D:9      | Reached XP level 11. HP: 39/58 MP: 28/31
 11370 | D:9      | Identified the +1 dagger "Ulediz Lero" {drain, MP+9 Int+2
                  | Dex+2}
 11668 | D:9      | Noticed a death yak
 11668 | D:9      | Noticed a death yak
 11682 | D:9      | Killed a death yak
 11683 | D:9      | Noticed a death yak
 11684 | D:9      | Killed a death yak
 11687 | D:9      | Noticed a death yak
 11688 | D:9      | Noticed a death yak
 11689 | D:9      | Noticed a death yak
 11692 | D:9      | Killed a death yak
 11693 | D:9      | Killed a death yak
 11694 | D:9      | Killed a death yak
 11696 | D:9      | Killed a death yak
 11697 | D:9      | Reached skill level 15 in Spellcasting
 11821 | D:9      | Found a staircase to the Lair.
 11906 | D:9      | Reached skill level 10 in Conjurations
 12059 | D:9      | Offered knowledge of Ignite Poison by Vehumet.
 12646 | D:8      | Killed sirJeffrey23's ghost
 12788 | D:10     | Entered Level 10 of the Dungeon
 12901 | D:10     | Found Gecuips's Neck Hole.
 13298 | D:10     | Noticed a two-headed ogre
 13301 | D:10     | Killed a two-headed ogre
 13301 | D:10     | Reached *** piety under Vehumet
 13302 | D:10     | Reached skill level 16 in Spellcasting
 13409 | D:10     | Found a portal to a secret trove of treasure.
 13682 | D:10     | Found an opulent altar of Gozag.
 13741 | D:11     | Found a frozen archway.
 13754 | D:11     | Reached XP level 12. HP: 51/67 MP: 34/34
 13757 | D:11     | Noticed Snorg
 13758 | IceCv    | Entered an ice cave
 14018 | IceCv    | Offered knowledge of Flame Wave by Vehumet.
 14035 | IceCv    | Learned a level 4 spell: Flame Wave
 14501 | IceCv    | Reached **** piety under Vehumet
 14692 | IceCv    | Offered knowledge of Fireball by Vehumet.
 14694 | IceCv    | Reached skill level 5 in Fighting
 14924 | IceCv    | Learned a level 5 spell: Fireball
 14930 | IceCv    | Learned a level 5 spell: Freezing Cloud
 14974 | D:11     | HP: 1/68 [Snorg (5)]
 14974 | D:11     | Mangled by Snorg

Illustrated notes

Levels and vault maps discovered:
D:1:      minmay_arrival_shattered_statue, layout_basic, serial_bayou_lagoon_b
D:2:      layout_basic, minivault_4, uniq_sigmund
D:3:      layout_rooms, mainiacjoe_overflow_alcove_2,
          shapermc_ecumenical_altar_pompeii, uniq_jessica
D:4:      layout_rooms, nicolae_dithmenos_the_darkroom, led_sif_pool,
          cheibrodos_gnoll_hut
D:5:      layout_cave_pools
D:6:      layout_cave_pools, uniq_pikel
D:7:      kennysheep_kobold_camp, layout_basic, nicolae_elyvilon_peaceful_grove,
          minmay_temple_entry_butterflies, grunt_decor_arrowhead, uniq_joseph,
          uniq_duvessa
D:8:      layout_cave_pools, nicolae_overflow_hidden_temple,
          gammafunk_ghost_spectres, david_defended_altar_orc, uniq_erica
D:9:      layout_basic, dpeg_lair_monsters, minivault_23, minivault_21,
          minivault_26
D:10:     layout_basic, nicolae_gozag_seed_capital, enter_trove_0,
          nicolae_shop_sticking_my_neck_out
D:11:     layout_cave_pools, portal_ice_cave_entry_ice_simulacra,
          nrook_guardian_serpent_double, uniq_snorg
Temple:   eino_temple_rhombus

Skill      XL: |  1  2  3  4  5  6  7  8  9 10 11 12 |
---------------+-------------------------------------+-----
Spellcasting   | 5 6 8 10 12 14 16 | 16.9
Fighting       | 1 2 4 5 |  5.1
Armour         | 1 2 3 5 |  5.0
Conjurations   | 4 5 6 7 8 9 10 11 | 11.0
Fire Magic     | 1 3 5 7 8 9 |  9.3
Ice Magic      | 1 |  1.0
Dodging        | 3 |  3.0
Stealth        | 3 |  3.0
Air Magic      | 1 |  1.0
Poison Magic   | 2 |  2.0
Evocations     | 2 |  2.0
Necromancy     | 1 |  1.1
Summonings     | |  1.1
Translocations | |  1.1

Action                   |  1- 3 |  4- 6 |  7- 9 | 10-12 || total
-------------------------+-------+-------+-------+-------++-------
Melee: Staff             |     3 |     5 |       |       ||     8
       Whip              |       |    45 |   139 |    55 ||   239
       Punch             |       |       |     1 |     1 ||     2
       Dagger            |       |       |       |    22 ||    22
 Fire: Hunting sling     |       |       |       |   153 ||   153
 Cast: Magic Dart        |    90 |    60 |   195 |    23 ||   368
       Mephitic Cloud    |     1 |     8 |    28 |    37 ||    74
       Conjure Flame     |     1 |     3 |    14 |    22 ||    40
       Call Imp          |       |       |     2 |     9 ||    11
       Blink             |       |       |     1 |     8 ||     9
       Starburst         |       |       |       |    95 ||    95
       Fireball          |       |       |       |     2 ||     2
       Flame Wave        |       |       |       |     1 ||     1
  Use: Potion            |       |       |     1 |       ||     1
       Scroll            |       |       |       |    12 ||    12
 Stab: Confused          |       |     1 |    14 |    13 ||    28
       Sleeping          |       |       |       |     1 ||     1
       Distracted        |       |       |       |     1 ||     1
Armor: Robe              |     4 |     8 |       |       ||    12
       Leather armour    |       |     3 |    59 |     2 ||    64
       Steam dragon scal |       |       |       |    28 ||    28
       Acid dragon scale |       |       |       |    21 ||    21
Dodge: Dodged            |    11 |    41 |   175 |   109 ||   336

Table legend: (Time is in decaauts)
 A = Elapsed time spent in this place.
 B = Non-inter-level travel time spent in this place.
 C = Inter-level travel time spent in this place.
 D = Time resting spent in this place.
 E = Time spent auto-exploring this place.
 F = Levels seen in this place.
 G = Mean time per level.
                   A        B        C        D        E       F      G
               +--------+--------+--------+--------+--------+-----+--------+
         Total |  15137 |  14710 |    427 |   2019 |  10037 |  13 | 1164.4 |
       Dungeon |  13812 |  13394 |    418 |   1808 |   9156 |  11 | 1255.6 |
        Temple |     87 |     78 |      9 |      0 |     61 |   1 |   87.0 |
      Ice Cave |   1237 |   1237 |      0 |    211 |    820 |   1 | 1237.0 |
               +--------+--------+--------+--------+--------+-----+--------+

Top non-repeatable levels by time:
     D:7: 2618 daAuts
     D:1: 1746 daAuts
     D:9: 1548 daAuts
     D:8: 1530 daAuts
     D:5: 1483 daAuts
     D:2: 1279 daAuts
   IceCv: 1237 daAuts
     D:6: 1079 daAuts
    D:10: 939 daAuts
     D:4: 821 daAuts
     D:3: 741 daAuts
  Temple: 87 daAuts
    D:11: 22 daAuts
